 Dungeon Crawl Stone Soup version 0.22.0-75-g3901e7991e (webtiles) character file.

29 AlolanVulpixel the Conjurer (level 3, -3/26 HPs)
             Began as a Draconian Conjurer on Sept 12, 2018.
             Slain by Terence
             ... wielding a +0 flail
              (9 damage)
             ... on level 2 of the Dungeon.
             The game lasted 00:02:53 (1071 turns).

AlolanVulpixel the Conjurer (Draconian Conjurer)    Turns: 1071, Time: 00:02:54

Health: -3/26      AC:  6    Str: 14    XL:     3   Next: 1%
Magic:  6/6        EV: 12    Int: 15    God:
Gold:   57         SH:  0    Dex: 11    Spells: 5/6 levels left

rFire    . . .     SeeInvis .   g - +0 spear
rCold    . . .     Gourm    .   (no shield)
rNeg     . . .     Faith    .   (armour unavailable)
rPois    .         Spirit   .   (helmet restricted)
rElec    .         Reflect  .   c - +0 cloak
rCorr    .         Harm     .   (no gloves)
MR       .....                  (no boots)
Stlth    ++........             (no amulet)
HPRegen  0.08/turn              i - +3 ring of strength
MPRegen  0.10/turn              (no ring)

@: very slightly contaminated
A: unfitting armour, cold-blooded, AC +5
a: no special abilities


You were on level 2 of the Dungeon.
You were hungry.

You visited 1 branch of the dungeon, and saw 2 of its levels.

You collected 57 gold pieces.

Inventory:

Hand Weapons
 g - a +0 spear (weapon)
Armour
 c - a +0 cloak (worn)
Jewellery
 i - a +3 ring of strength (left hand)
Scrolls
 d - a scroll of remove curse {unknown}
 e - a scroll of enchant armour {unknown}
 h - a scroll of fear {unknown}
Comestibles
 b - 4 rations


   Skills:
 + Level 0.1 Fighting
   Level 0.6 Short Blades
 + Level 2.2 Dodging
 + Level 1.8 Stealth
 + Level 2.1 Spellcasting
 + Level 4.4 Conjurations


You had 5 spell levels left.
You knew the following spells:

 Your Spells              Type           Power        Failure   Level  Hunger
a - Magic Dart            Conj           ##..         3%          1    #......

Your spell library contained the following spells:

 Spells                   Type           Power        Failure   Level  Hunger
 Searing Ray              Conj           ##....       5%          2    ###....
 Dazzling Spray           Conj/Hex       #.....       26%         3    ###....
 Iskenderun's Mystic Bla  Conj           ##......     34%         4    #####..
 Force Lance              Conj/Tloc      #.......     65%         4    #####..
 Fulminant Prism          Conj/Hex       #.........   65%         4    #####..


Dungeon Overview and Level Annotations

Branches:
Dungeon (2/15)

Altars:

Annotations:
D:2 Terence


Innate Abilities, Weirdness & Mutations

Your plain brown scales are hard. (AC +5)
You cannot fit into any form of body armour.
You are cold-blooded and may be slowed by cold attacks.


Message History

It was a scroll of blinking.
You hear a zap.
You hear a grinding noise.
Terence shouts, "Get ready for death!"
Terence zaps a wand.
Some rock shatters into small pieces.
It is a wand of digging (6).
You open the door.
There is an open door here.
Terence says, "Time to say good-bye..."
Terence asks, "Do you want it fast or slow?"
There is an open door here.
The hobgoblin hits you with a club.
* * * LOW HITPOINT WARNING * * *
Terence zaps a wand.
Some rock shatters into small pieces.
The hobgoblin hits you but does no damage.
Terence zaps a wand.
Some rock shatters into small pieces.
The hobgoblin closely misses you.
Terence zaps a wand.
You hear a grinding noise.
Terence hits you with a flail!
You die...

# ##.....## #.# ....#
###.......###.##.#.#
##.........##.#....#
>+.........'..(....#
##.........##......##
##.......####.#.##.#
##.....####.###..#
##...## #.####.<#
###'## ##.##@.##
####...# ##.@g##
.......## #..##
####....#####.#.#
##...........#
#............#
#....#..######
#...##.#.#
#......##.#


You could see Terence and a hobgoblin.

Vanquished Creatures
  2 oozes (D:1)
  A dart slug (D:1)
  A leopard gecko (D:1)
  4 goblins (D:1)
  2 hobgoblins (D:1)
  4 bats (D:1)
  A kobold (D:2)
  2 rats
17 creatures vanquished.

Notes
Turn   | Place    | Note
-------+----------+-------------------------------------------
     0 | D:1      | AlolanVulpixel the Draconian Conjurer began the quest for
                  | the Orb.
     0 | D:1      | Reached XP level 1. HP: 14/14 MP: 3/3
   348 | D:1      | Reached XP level 2. HP: 15/20 MP: 5/5
   952 | D:2      | Reached XP level 3. HP: 26/26 MP: 6/6
  1006 | D:2      | Noticed Terence
  1071 | D:2      | Slain by Terence

Skill      XL: |  1  2 |
---------------+-------+-----
Dodging        | 2 |  2.2
Fighting       | |  0.1
Short Blades   | |  0.6
Stealth        | |  1.8
Spellcasting   | |  2.1
Conjurations   | |  4.4

Action                   || total
-------------------------++-------
Melee: Dagger            ||    58
       Unarmed           ||     8
       Tailslap          ||     7
       Spear             ||    20
 Cast: Magic Dart        ||     4
  Use: Scroll            ||     1
       Potion            ||     1
Armor: Skin              ||    34
Dodge: Dodged            ||    60
